 Dungeon Crawl Stone Soup version 0.26-a0-818-g75db068ed4 (console) character file.

Game seed: 7455516917409044708

7401 jejorda2 the Cleaver (level 10, -2/89 HPs)
             Began as a Palentonga Berserker on Nov 14, 2020.
             Was an Elder of Trog.
             Slain by a komodo dragon (17 damage)
             ... on level 1 of the Lair of Beasts.
             The game lasted 00:23:46 (11462 turns).

jejorda2 the Cleaver (Palentonga Berserker)        Turns: 11462, Time: 00:23:49

Health: -2/89      AC: 22    Str: 20    XL:     10   Next: 92%
Magic:  10/10      EV:  9    Int:  8    God:    Trog [****..]
Gold:   259        SH:  0    Dex: 13    Spells: 9/9 levels left

rFire    + . .     SeeInvis +   a - +1 war axe
rCold    . . .     Faith    .   (no shield)
rNeg     + . .     Spirit   .   t - +3 scale mail {rF+}
rPois    .         Reflect  .   (no helmet)
rElec    .         Harm     .   i - +2 cloak
rCorr    .         Rampage  .   k - +1 pair of gloves
MR       ++...                  (no barding)
Stlth    ..........             G - amulet of the acrobat
HPRegen  1.24/turn              o - ring of positive energy
MPRegen  0.12/turn              (no ring)

@: berserk cooldown, regenerating, slowed, curled up, very slow
A: large, rugged brown scales 3, see invisible, deformed body, roll 1, armoured
tail, reflexive curl
a: Rolling Charge, Berserk, Trog's Hand, Brothers in Arms, Renounce Religion


You were on level 1 of the Lair of Beasts.
You worshipped Trog.
Trog was greatly pleased with you.
You visited 2 branches of the dungeon, and saw 11 of its levels.

You collected 555 gold pieces.
You spent 296 gold pieces at shops.

Inventory:

Hand Weapons
 a - a +1 war axe (weapon)
 l - a +0 morningstar
Missiles
 c - 53 poisoned darts
 j - 6 curare-tipped darts (quivered)
 r - 11 atropa-tipped darts
Armour
 i - a +2 cloak (worn)
 k - a +1 pair of gloves (worn)
 t - a +3 scale mail of fire resistance (worn)
 z - the +0 scale mail of the Robin {rElec Int+2}
   (You found it on level 7 of the Dungeon)

   It affects your intelligence (+2).
   It insulates you from electricity.
Jewellery
 o - a ring of positive energy (left hand)
 G - an amulet of the acrobat (around neck)
Wands
 p - a wand of polymorph (28)
 q - a wand of iceblast (18)
 v - a wand of acid (6)
 y - a wand of paralysis (21)
 B - a wand of enslavement (8)
 C - a wand of random effects (21)
Scrolls
 b - 2 scrolls of fear
 f - 5 scrolls of enchant weapon
 h - 10 scrolls of identify
 m - 4 scrolls of remove curse
 u - a scroll of fog
 x - 4 scrolls of teleportation
Potions
 d - 6 potions of curing
 e - 2 potions of magic
 g - a potion of ambrosia
 n - 2 potions of haste
 s - a potion of might
 w - a potion of flight {unknown}
 A - a potion of heal wounds {unknown}
 D - a potion of attraction {unknown}
 E - 2 potions of lignification {unknown}
 F - a potion of mutation {unknown}


   Skills:
 + Level 6.9 Fighting
 * Level 13.7 Axes
 - Level 4.0 Armour
 - Level 4.0 Dodging
 + Level 2.8 Evocations


You had 9 spell levels left.
You didn't know any spells.
Your spell library was empty.

Dungeon Overview and Level Annotations

Branches:
Dungeon (10/15)            Temple (0/1) D:5            Lair (1/6) D:10
    Orc: D:9-12

Altars:
Ashenzari
Cheibriados
Dithmenos
Elyvilon
Fedhas
Gozag
Kikubaaqudgha
Makhleb
Uskayaw
Yredelemnul
The Shining One

Shops:
D:4 !   D:6 [


Innate Abilities, Weirdness & Mutations

You are completely covered in rugged brown scales. (AC +3, +7% HP)
You have supernaturally acute eyesight. (SInv)
Armour fits poorly on your strangely shaped body.
You can roll at nearby foes to attack.
You have a long armoured tail.
You curl defensively after being hit.


Message History

You hit the komodo dragon.
The komodo dragon is heavily wounded.
You slash the komodo dragon!
Your tail-slap misses the komodo dragon.
The komodo dragon is severely wounded.
The komodo dragon bites you but does no damage.
You slash the komodo dragon!
The komodo dragon is almost dead.
You are no longer berserk.
You are exhausted.
You feel yourself slow down.
Quiver which item? (- for none, * to show all) (? for menu, Esc to quit)
Quivering
j - 7 curare-tipped darts for throwing.
Throwing (i - inventory. (/) - cycle)
j - 7 curare-tipped darts (quivered)
Press: ? - help, Shift-Dir - straight line, f - komodo dragon
Aim: a komodo dragon (almost dead)
You throw a curare-tipped dart.
The curare-tipped dart closely misses the komodo dragon.
The komodo dragon bites you!
You die...

### ####.###### ##
#.........# #.
##........# #.
#........######.
#(.......##P##..
####......÷.'...#..
##.#.........###..#.
#.l@†........# #P...
....>..##........#
####. ...####
#........# #. .
#####+#### #. #


You could see a komodo dragon.

Vanquished Creatures
  Snorg (D:10)
  Erica (D:8)
  An unseen horror (D:10)
  A cane toad (Lair:1)
  A vampire (D:10)
  5 yaks
  A basilisk (Lair:1)
  Duvessa (D:4)
  3 ice beasts
  3 black bears
  4 orc warriors
  4 ogres
  2 centaurs
  3 phantoms
  2 big kobolds
  7 bullfrogs
  Dowan (D:4)
  4 scorpions
  5 killer bees
  A quasit (D:6)
  2 bullfrog zombies
  2 bullfrog skeletons
  2 jellies
  A centaur skeleton (D:7)
  11 orc wizards
  8 orc priests
  2 hounds
  2 iguanas
  5 worker ants
  A killer bee zombie (D:6)
  2 hound skeletons
  A worker ant zombie (D:10)
  6 gnolls
  11 adders
  A shadow imp (D:8)
  A white imp (D:6)
  3 ufetubi
  An ooze (D:3)
  An adder skeleton (D:7)
  4 worms
  2 dart slugs
  6 leopard geckos
  47 orcs
  6 bats
  A bat zombie (D:5)
  3 giant cockroaches
  9 goblins
  9 hobgoblins
  9 jackals
  2 quokkas
  A ball python (D:3)
  4 frilled lizards
  A jackal zombie (D:6)
  18 kobolds
  A leopard gecko skeleton (D:6)
  A leopard gecko zombie (D:6)
  A quokka skeleton (D:8)
  5 rats
  A rat zombie (D:5)
245 creatures vanquished.

Vanquished Creatures (collateral kills)
  A cane toad (Lair:1)
  A yak (Lair:1)
  A kobold (D:10)
3 creatures vanquished.

Vanquished Creatures (others)
  2 fungi (Lair:1)
  7 plants (Lair:1)
9 creatures vanquished.

Grand Total: 257 creatures vanquished

Notes
Turn   | Place    | Note
-------+----------+-------------------------------------------
     0 | D:1      | jejorda2 the Palentonga Berserker began the quest for the
                  | Orb.
     0 | D:1      | Reached XP level 1. HP: 20/20 MP: 1/1
   260 | D:1      | Reached XP level 2. HP: 22/27 MP: 2/2
  1298 | D:2      | Reached ** piety under Trog
  1299 | D:2      | Reached XP level 3. HP: 33/33 MP: 3/3
  1893 | D:3      | Found an opulent altar of Gozag.
  1919 | D:3      | Reached XP level 4. HP: 40/40 MP: 4/4
  2040 | D:3      | Reached skill level 4 in Axes
  2067 | D:3      | Reached XP level 5. HP: 23/48 MP: 5/5
  2472 | D:3      | Reached *** piety under Trog
  3098 | D:4      | Reached skill level 5 in Axes
  3098 | D:4      | Reached XP level 6. HP: 21/55 MP: 6/6
  3621 | D:4      | Found Jiklax's Distillery.
  3640 | D:4      | Bought a potion of degeneration for 10 gold pieces
  3748 | D:4      | Noticed Dowan
  3755 | D:4      | Found a blossoming altar of Fedhas.
  3756 | D:4      | Noticed Duvessa
  3762 | D:4      | Gained mutation: You curl defensively after being hit.
                  | [Palentonga growth]
  3762 | D:4      | Reached XP level 7. HP: 64/64 MP: 7/7
  3769 | D:4      | Killed Duvessa
  3780 | D:4      | Killed Dowan
  3781 | D:4      | Reached skill level 6 in Axes
  4147 | D:4      | Found a basalt altar of Yredelemnul.
  4263 | D:5      | Entered Level 5 of the Dungeon
  4347 | D:5      | Found a glowing golden altar of the Shining One.
  4358 | D:5      | Found a snail-covered altar of Cheibriados.
  4498 | D:5      | Found a shadowy altar of Dithmenos.
  4529 | D:5      | Found a staircase to the Ecumenical Temple.
  4536 | D:5      | Reached **** piety under Trog
  4543 | D:5      | Reached skill level 5 in Fighting
  4543 | D:5      | Reached XP level 8. HP: 72/72 MP: 8/8
  4924 | D:5      | Found an ancient bone altar of Kikubaaqudgha.
  5209 | D:6      | Reached skill level 7 in Axes
  5388 | D:6      | Reached skill level 8 in Axes
  6049 | D:6      | Found Dilocwuc's Armour Emporium.
  6052 | D:6      | Bought a +3 scale mail of fire resistance for 286 gold
                  | pieces
  6169 | D:6      | Reached skill level 9 in Axes
  6230 | D:6      | Found a broken altar of Ashenzari.
  6437 | D:7      | Reached XP level 9. HP: 80/80 MP: 9/9
  6931 | D:7      | Found a white marble altar of Elyvilon.
  7553 | D:7      | Reached skill level 10 in Axes
  7731 | D:7      | Got a fine scale mail
  7741 | D:7      | Identified the cursed +0 scale mail of the Robin {rElec
                  | Int+2} (You found it on level 7 of the Dungeon)
  8064 | D:8      | Reached skill level 11 in Axes
  8193 | D:8      | Noticed Erica
  8207 | D:8      | Killed Erica
  8447 | D:8      | Reached skill level 12 in Axes
  8447 | D:8      | Reached XP level 10. HP: 83/88 MP: 10/10
  9441 | D:9      | Found a burning altar of Makhleb.
  9722 | D:10     | Entered Level 10 of the Dungeon
  9748 | D:10     | Noticed Snorg
  9766 | D:10     | Killed Snorg
  9770 | D:10     | Reached skill level 13 in Axes
 10333 | D:10     | Reached skill level 1 in Evocations
 10365 | D:10     | Found a staircase to the Lair.
 10729 | D:10     | Noticed an unseen horror
 10740 | D:10     | Killed an unseen horror
 10898 | D:10     | Found a hide-covered altar of Uskayaw.
 11116 | Lair:1   | Entered Level 1 of the Lair of Beasts
 11125 | Lair:1   | Noticed a cane toad
 11142 | Lair:1   | Killed a cane toad
 11411 | Lair:1   | Noticed a cane toad
 11428 | Lair:1   | Killed a cane toad
 11462 | Lair:1   | Slain by a komodo dragon

Illustrated notes

Levels and vault maps discovered:
D:1:      saegor_arrival_miasma, layout_loops_ring
D:2:      layout_rooms, kennysheep_generic_room_3
D:3:      layout_loops_cross, lemuel_tele_altar
D:4:      layout_basic, yredelemnul_altar_generic, serial_shops,
          nicolae_shop_waterfront, fedhas_altar_1, uniq_duvessa
D:5:      layout_loops_cross, lemuel_crystal_altar,
          lemuel_zombie_altar_kikubaaqudgha, overflow_temple_1_default,
          kennysheep_slug_shrine, minmay_temple_entry_sparse_star
D:6:      cheibrodos_fzero, layout_gridville, kennysheep_little_box,
          serial_shops, nicolae_shop_window_shopping,
          chequers_serial_rivers_small_b
D:7:      kb_forest_paths, layout_basic, elyvilon_altar_4, serial_rivers,
          chequers_serial_rivers_small_a, chequers_serial_rivers_small_b,
          chequers_serial_rivers_large_a, chequers_serial_rivers_micro_c,
          chequers_serial_rivers_micro_e
D:8:      layout_loops_ring, glass_columns_a, uniq_erica
D:9:      layout_long_grid, marbit_many_paths, dk_rats_in_the_wall
D:10:     layout_gridville, lair_entry_dummy, basic_altar, uniq_snorg
Lair:1:   layout_roguey, serial_bayou_shore_a, serial_bayou_shore_b

Skill      XL: |  1  2  3  4  5  6  7  8  9 10 |
---------------+-------------------------------+-----
Dodging        | 2 3 4 |  4.0
Armour         | 2 3 4 |  4.0
Axes           | 4 5 6 9 12 13 | 13.7
Fighting       | 4 5 6 |  6.9
Evocations     | 2 |  2.8

Action                   |  1- 3 |  4- 6 |  7- 9 | 10-12 || total
-------------------------+-------+-------+-------+-------++-------
Melee: Hand axe          |   105 |    88 |       |       ||   193
       Tailslap          |    14 |    19 |    53 |    26 ||   112
       War axe           |       |    76 |   395 |   196 ||   667
Throw: Dart              |       |       |       |     4 ||     4
Invok: Berserk           |     2 |     4 |     5 |     5 ||    16
       Trog's Hand       |     1 |       |     2 |     2 ||     5
       Brothers in Arms  |       |       |       |     3 ||     3
 Abil: Rolling Charge    |     5 |     6 |    16 |    11 ||    38
  Use: Scroll            |     9 |     2 |     6 |     2 ||    19
       Potion            |       |     1 |       |     2 ||     3
Armor: Animal skin       |    13 |       |       |       ||    13
       Chain mail        |    38 |   106 |   115 |       ||   259
       Scale mail        |       |       |   113 |   116 ||   229
Dodge: Dodged            |    28 |    60 |   182 |    89 ||   359

Table legend: (Time is in decaauts)
 A = Elapsed time spent in this place.
 B = Non-inter-level travel time spent in this place.
 C = Inter-level travel time spent in this place.
 D = Time resting spent in this place.
 E = Time spent auto-exploring this place.
 F = Levels seen in this place.
 G = Mean time per level.
                   A        B        C        D        E       F      G
               +--------+--------+--------+--------+--------+-----+--------+
         Total |  11632 |  11285 |    347 |   1236 |   8225 |  11 | 1057.5 |
       Dungeon |  11301 |  10955 |    346 |   1236 |   7963 |  10 | 1130.1 |
          Lair |    331 |    331 |      0 |      0 |    262 |   1 |  331.0 |
               +--------+--------+--------+--------+--------+-----+--------+

Top non-repeatable levels by time:
     D:7: 1566 daAuts
    D:10: 1397 daAuts
     D:3: 1345 daAuts
     D:6: 1249 daAuts
     D:1: 1177 daAuts
     D:4: 1137 daAuts
     D:8: 1071 daAuts
     D:5: 951 daAuts
     D:2: 706 daAuts
     D:9: 698 daAuts
  Lair:1: 331 daAuts
